 Dungeon Crawl Stone Soup version 0.31-a0-152-g6aa68a64a1 (webtiles) character file.

Game seed: 9973712724443925200

2097 qw the Skirmisher (level 9, -2/79 HPs)
             Began as a Minotaur Hunter on June 9, 2023.
             Was an Initiate of Okawaru.
             Slain by a gnoll
             ... wielding a +0 spear
             ... led by a gnoll sergeant
              (5 damage)
             ... on level 7 of the Dungeon.
             The game lasted 00:02:21 (5828 turns).

qw the Skirmisher (Minotaur Hunter)                 Turns: 5828, Time: 00:02:21

Health: -2/79      AC:  7    Str: 16    XL:     9   Next: 7%
Magic:  8/8        EV: 13    Int:  6    God:    Okawaru [......]
Gold:   145        SH:  0    Dex: 20    Spells: 8/8 levels left

rFire   . . .        Y - +0 orcbow
rCold   . . .        (shield currently unavailable)
rNeg    + . .        k - +0 ring mail
rPois   .            (helmet restricted)
rElec   +            a - +0 cloak of Morality {rElec Dex+2}
rCorr   .            g - +0 pair of gloves
SInv    .            (no boots)
Will    .....        f - amulet of regeneration
Stlth   +            j - ring of positive energy
HPRegen 1.13/turn    (no ring)
MPRegen 0.11/turn

%: no passive effects
@: no status effects
A: horns 2, retaliatory headbutt, MP-powered wands
a: Renounce Religion


You were on level 7 of the Dungeon.
You worshipped Okawaru.
Okawaru was noncommittal.
You visited 2 branches of the dungeon, and saw 8 of its levels.
You also visited: Sewer.

You collected 295 gold pieces.
You spent 150 gold pieces at shops.


Innate Abilities, Weirdness & Mutations

You have a pair of horns on your head.
You reflexively headbutt those who attack you in melee.
You expend magic power (3 MP) to strengthen your wands.


   Skills:
 - Level 7.1 Fighting
 - Level 11.1 Ranged Weapons
 - Level 3.0 Armour
 + Level 4.8 Dodging
 - Level 0.7 Stealth


You had 8 spell levels left.
You didn't know any spells.
Your spell library was empty.

Inventory:

Hand Weapons
 Y - a +0 orcbow (weapon)
Armour
 a - the +0 cloak of Morality (worn) {rElec Dex+2}
   (You acquired it on level 3 of the Dungeon)

   Dex:       It affects your dexterity (+2).
   rElec:     It insulates you from electricity.
 g - a +0 pair of gloves (worn)
 k - a +0 ring mail (worn)
 o - +0 steam dragon scales
Jewellery
 f - an amulet of regeneration (around neck)
 j - a ring of positive energy (left hand)
 r - an amulet of faith
Wands
 c - a wand of digging (6)
Scrolls
 i - 2 scrolls of identify
 p - a scroll of silence {unknown}
 q - a scroll of torment {unknown}
Potions
 b - a potion of haste
 d - 2 potions of mutation
 e - a potion of magic {unknown}
 h - 2 potions of might
 l - a potion of curing
 m - a potion of enlightenment {unknown}
 n - a potion of heal wounds {unknown}

Dungeon Overview and Level Annotations

Branches:
Dungeon (7/15)             Temple (1/1) D:4           Sewer (visited)

Altars:
Ashenzari
Cheibriados
Dithmenos
Elyvilon
Fedhas
Gozag
Hepliaklqana
Kikubaaqudgha
Makhleb
Nemelex Xobeh
Okawaru
Qazlal
Ru
Sif Muna
Trog
Uskayaw
Vehumet
Wu Jian
Xom
Yredelemnul
Zin
The Shining One

Shops:
D:6 (

Annotations:
D:3 1 runed translucent door, Crazy Yiuf


Message History

You shoot an arrow. The arrow hits the gnoll sergeant!
You kill the gnoll sergeant!
Okawaru accepts your kill.
You feel very sick.
A gnoll comes into view. It is wielding a +0 flail.
You shoot an arrow. The arrow closely misses the gnoll.
You feel very sick.
You shoot an arrow. The arrow hits the gnoll.
The gnoll is lightly wounded.
You feel sick.
You shoot an arrow. The arrow barely misses the gnoll.
You feel sick.
The gnoll hits you with a +2 war axe of freezing.
The gnoll freezes you. The gnoll hits you but does no damage.
You shoot an arrow. The arrow hits the gnoll!
You kill the gnoll!
Okawaru accepts your kill.
You feel sick.
You shoot an arrow.
The arrow hits the gnoll but does no damage.
You feel sick. The gnoll hits you but does no damage.
You shoot an arrow. The arrow barely misses the gnoll.
You feel sick. The gnoll completely misses you.
The gnoll hits you with a +0 flail! The gnoll misses you.
You furiously retaliate!
You headbutt the gnoll. The gnoll hits you with a +0 flail!
The gnoll hits you but does no damage.
You shoot an arrow. The arrow hits the gnoll!
You kill the gnoll!
Okawaru accepts your kill.
You feel sick. The gnoll closely misses you. x2
You shoot an arrow. The arrow hits the gnoll.
The gnoll is heavily wounded.
You feel sick. The gnoll barely misses you.
The gnoll hits you from afar with a +0 spear.
You shoot an arrow. The arrow completely misses the gnoll.
You feel sick.
You are no longer poisoned.
The gnoll hits you but does no damage.
The gnoll hits you from afar with a +0 spear.
You die...

#.........##
#...
#.........#
#####.
#.#.....##
#.....
#.......#
#.####
##.....##
#..##
#.#..##
##...#
#..###
##....##
##.##
##......#
#@g#
#.......#
##)#
#........
#g#
#.........
...
#..........
....#
#..........
......
###........
.......#
###......
..).....#
.....#..
g.....<...
..#######


You could see 2 gnolls.

Vanquished Creatures
  A steam dragon (D:7)
  Menkaure (D:4)
  Edmund (D:5)
  2 ogres (D:5)
  2 black bears
  A centaur (D:7)
  A phantom (D:5)
  Blork the orc (D:4)
  2 kobold brigands
  A gnoll sergeant (D:7)
  A scorpion (D:4)
  4 howler monkeys
  3 sleepcaps
  An orc priest (D:4)
  2 gnoll boudas
  3 hounds
  An iguana (D:6)
  2 orc wizards
  Robin (D:2)
  13 gnolls
  4 river rats
  12 adders
  A white imp (D:5)
  2 ufetubi
  A worm (D:5)
  5 dart slugs
  10 orcs
  7 bats
  4 endoplasms
  9 giant cockroaches
  11 goblins
  12 hobgoblins
  3 jackals (Sewer)
  13 kobolds
  3 quokkas
  14 ball pythons
  6 frilled lizards
  3 rats
164 creatures vanquished.

Notes
Turn   | Place    | Note
-------+----------+-------------------------------------------
     0 | D:1      | qw the Minotaur Hunter began the quest for the Orb.
     0 | D:1      | Reached XP level 1. HP: 18/18 MP: 0/0
     0 | D:1      | 0 ||| qw: Version: 0.2-a-122-gbc61b45
     0 | D:1      | 0 ||| qw: Game counter: 3333
     0 | D:1      | 0 ||| qw: Always use a shield: true
     0 | D:1      | 0 ||| qw: God list: Okawaru
     0 | D:1      | 0 ||| qw: Allow faded altars: false
     0 | D:1      | 0 ||| qw: Do Orc after D:15 true
     0 | D:1      | 0 ||| qw: Do second Lair branch before Depths: true
     0 | D:1      | 0 ||| qw: Lair rune preference: random
     0 | D:1      | 0 ||| qw: Plans: Normal
     0 | D:1      | 0 ||| PLANNING D:1-11
   168 | D:1      | Reached XP level 2. HP: 25/25 MP: 1/1
   200 | D:1      | Reached skill level 5 in Ranged Weapons
   400 | D:1      | Reached skill level 3 in Fighting
   484 | D:1      | 484 ||| Stepping ~*~*~tactically~*~*~ (outnumbered).
   486 | D:1      | Reached XP level 3. HP: 31/31 MP: 2/2
   944 | D:1      | 944 ||| UPGRADING to +0 pair of gloves.
   949 | D:1      | 949 ||| UPGRADING to amulet of regeneration.
   954 | D:1      | 954 ||| READING scroll labelled LEFO GEYHAFRIT.
   955 | D:1      | 955 ||| DRINKING 3 green potions.
   955 | D:1      | Gained mutation: You are dopey. (Int -2) [potion of
                  | mutation]
   955 | D:1      | Gained mutation: You expend magic power (3 MP) to
                  | strengthen your wands. [potion of mutation]
   955 | D:1      | Lost mutation: You are dopey. (Int -2) [potion of mutation]
   956 | D:1      | 956 ||| DROPPING scroll of butterflies.
  1073 | D:2      | Noticed Robin
  1085 | D:2      | Killed Robin
  1567 | D:2      | 1567 ||| READING scroll labelled MOLINL MUANT.
  1568 | D:2      | 1568 ||| READING 2 scrolls labelled KIF LEPLEGO.
  1573 | D:2      | 1573 ||| READING scroll labelled PITITUCUTO.
  1574 | D:2      | 1574 ||| DRINKING 2 smoky cyan potions.
  1610 | D:3      | Reached XP level 4. HP: 34/38 MP: 3/3
  1617 | D:3      | Found a faded altar of an unknown god.
  1623 | D:3      | Reached skill level 6 in Ranged Weapons
  1684 | D:3      | Found a runed translucent door.
  1685 | D:3      | Noticed Crazy Yiuf
  1762 | D:3      | Reached skill level 1 in Armour
  1908 | D:3      | Found a bloodstained altar of Trog.
  2211 | D:3      | 2211 ||| SWAPPING to +0 orcbow.
  2212 | D:3      | 2212 ||| DROPPING +0 shortbow.
  2213 | D:3      | 2213 ||| READING scroll labelled KUF EZXAGGU.
  2213 | D:3      | Identified a scroll of acquirement
  2213 | D:3      | 2213 ||| ACQUIRING +0 cloak of Morality {rElec Dex+2}
  2213 | D:3      | Acquired the +0 cloak of Morality {rElec Dex+2}
  2215 | D:3      | 2215 ||| UPGRADING to +0 cloak of Morality {rElec Dex+2}.
  2220 | D:3      | 2220 ||| READING scroll labelled LYOSIL FEOKK.
  2221 | D:3      | 2221 ||| DRINKING 2 bubbling amethyst potions.
  2225 | D:3      | 2225 ||| Stepping ~*~*~tactically~*~*~ (cloud).
  2227 | D:3      | HP: 6/38 [poisoned by you (poison gas)]
  2232 | D:3      | HP: 3/38 [poisoned by you (poison gas)]
  2363 | D:3      | 2363 ||| DROPPING potion of berserk rage.
  2521 | D:4      | Noticed Blork the orc
  2524 | D:4      | 2524 ||| FLEEEEING.
  2531 | D:4      | HP: 9/40 [Blork the orc/+0 heavy trident (7)]
  2532 | D:4      | 2532 ||| READING scroll of teleportation.
  2591 | D:4      | Killed Blork the orc
  2592 | D:4      | Reached XP level 5. HP: 47/47 MP: 4/4
  2659 | D:4      | Found a staircase to the Ecumenical Temple.
  2660 | D:4      | 2660 ||| PLANNING TEMPLE
  2660 | D:4      | 2660 ||| DRINKING 2 ruby potions.
  2665 | D:4      | 2665 ||| DRINKING 2 murky dark potions.
  2666 | D:4      | 2666 ||| DROPPING potion of ambrosia.
  2667 | D:4      | 2667 ||| DROPPING potion of degeneration.
  2678 | Temple   | Entered the Ecumenical Temple
  2789 | Temple   | 2789 ||| PLANNING D:1-11
  3063 | D:4      | Reached XP level 6. HP: 52/55 MP: 5/5
  3136 | D:4      | Reached skill level 7 in Ranged Weapons
  3155 | D:4      | 3155 ||| FLEEEEING.
  3156 | D:4      | 3156 ||| FLEEEEING.
  3157 | D:4      | 3157 ||| FLEEEEING.
  3158 | D:4      | 3158 ||| FLEEEEING.
  3176 | D:4      | Noticed Menkaure
  3183 | D:4      | Killed Menkaure
  3205 | D:4      | Reached skill level 8 in Ranged Weapons
  3306 | D:4      | Reached XP level 7. HP: 58/60 MP: 6/6
  3315 | D:4      | Reached skill level 3 in Dodging
  3356 | D:4      | 3356 ||| UPGRADING to +0 ring mail.
  3366 | D:4      | 3366 ||| DROPPING +0 leather armour.
  3367 | D:4      | 3367 ||| DRINKING 2 silvery potions.
  3399 | D:5      | Entered Level 5 of the Dungeon
  3422 | D:5      | Reached skill level 3 in Armour
  3501 | D:5      | Reached skill level 9 in Ranged Weapons
  3551 | D:5      | Noticed Edmund
  3558 | D:5      | 3558 ||| DRINKING potion of curing.
  3558 | D:5      | 3558 ||| (to cure confusion)
  3578 | D:5      | HP: 15/61 [Edmund/+1 flail of holy wrath (9)]
  3579 | D:5      | 3579 ||| READING scroll of teleportation.
  3665 | D:5      | Killed Edmund
  3666 | D:5      | Reached skill level 6 in Fighting
  3666 | D:5      | Reached XP level 8. HP: 70/70 MP: 7/7
  3803 | D:5      | Found an iron altar of Okawaru.
  3803 | D:5      | Found a glowing golden altar of the Shining One.
  3934 | D:5      | 3934 ||| READING scroll labelled QEILAS MEIMIAZUI.
  3955 | D:6      | 3955 ||| PLANNING SEWER
  3958 | D:6      | 3958 ||| STAIRDANCE
  3976 | D:6      | 3976 ||| STAIRDANCE
  3986 | D:6      | 3986 ||| STAIRDANCE
  4136 | D:6      | Reached skill level 10 in Ranged Weapons
  4309 | D:6      | Found a glowing drain.
  4310 | D:6      | 4310 ||| UPGRADING to ring of positive energy.
  4311 | D:6      | 4311 ||| READING 2 scrolls of identify.
  4311 | D:6      | 4311 ||| IDENTIFYING fizzy green potion
  4333 | Sewer    | Entered a sewer
  4374 | Sewer    | 4374 ||| Stepping ~*~*~tactically~*~*~ (water).
  4383 | Sewer    | 4383 ||| Stepping ~*~*~tactically~*~*~ (water).
  4820 | D:6      | 4820 ||| PLANNING D:1-11
  4836 | D:6      | 4836 ||| STAIRDANCE
  4837 | D:5      | Found a burning altar of Makhleb.
  4838 | D:5      | 4838 ||| PLANNING OKAWARU WORSHIP
  4848 | D:5      | Became a worshipper of Warmaster Okawaru
  4848 | D:5      | 4848 ||| PLANNING D:1-11
  4918 | D:6      | Found Kutoatue's Antique Weapon Boutique.
  4926 | D:6      | 4926 ||| BUYING glowing shortbow (150 gold).
  4926 | D:6      | Bought a glowing shortbow for 150 gold pieces
  4926 | D:6      | 4926 ||| DROPPING +11 shortbow.
  5355 | D:7      | 5355 ||| Stepping ~*~*~tactically~*~*~ (outnumbered).
  5476 | D:7      | Reached skill level 11 in Ranged Weapons
  5476 | D:7      | Reached XP level 9. HP: 40/79 MP: 8/8
  5806 | D:7      | 5806 ||| Stepping ~*~*~tactically~*~*~ (outnumbered).
  5808 | D:7      | 5808 ||| Stepping ~*~*~tactically~*~*~ (outnumbered).
  5810 | D:7      | 5810 ||| Stepping ~*~*~tactically~*~*~ (outnumbered).
  5812 | D:7      | 5812 ||| Stepping ~*~*~tactically~*~*~ (outnumbered).
  5825 | D:7      | HP: 13/79 [gnoll/+0 flail[a gnoll sergeant] (8)]
  5825 | D:7      | HP: 6/79 [gnoll/+0 flail[a gnoll sergeant] (7)]
  5828 | D:7      | Slain by a gnoll

Levels and vault maps discovered:
D:1:      minmay_arrival_floating_metal, layout_loops_ring,
          minmay_misc_feat_hallway
D:2:      layout_loops_ring, uniq_robin
D:3:      layout_basic, trog_three_pillars_becter,
          shapermc_ecumenical_altar_starsandcircs, hangedman_decor_growths,
          uniq_crazy_yiuf_cottage
D:4:      minmay_clustersquares, layout_basic, minmay_temple_entry_trees,
          uniq_menkaure, uniq_blork_the_orc
D:5:      layout_basic, nicolae_overflow_hidden_temple, minmay_splitting_lines,
          uniq_edmund
D:6:      layout_loops_cross, serial_shops, nicolae_shop_peninsula,
          portal_sewer_entry_c, pf_guarded_unrand_woodcutter
D:7:      layout_cave_pods, minmay_misc_feat_ornament, minmay_misc_feat_alley
Temple:   nicolae_temple_two_arcs

Skill      XL: |  1  2  3  4  5  6  7  8 |
---------------+-------------------------+-----
Ranged Weapons | 5 6 8 9 11 | 11.1
Fighting       | 3 4 6 7 |  7.1
Armour         | 1 3 |  3.0
Dodging        | 3 4 |  4.8
Stealth        | |  0.7

Action                     |  1- 3 |  4- 6 |  7- 9 || total
---------------------------+-------+-------+-------++-------
   Fire: Shortbow          |   109 |    37 |       ||   146
         Orcbow            |       |   103 |   293 ||   396
    Use: Scroll            |     4 |     3 |     3 ||    10
         Potion            |     2 |     3 |     2 ||     7
 Armour: Leather armour    |     7 |    14 |    17 ||    38
         Ring mail         |       |       |    51 ||    51
  Dodge: Dodged            |    27 |    37 |   131 ||   195

Table legend:
 A = Non-vault XP
 B = Vault XP
 C = Vault XP percentage of total XP
 D = Non-vault monster count
 E = Vault monster count
 F = Vault count percentage of total count
                 A         B        C        D         E       F
            +---------+---------+-------+---------+---------+-------
      Total |    2057 |     939 |  31.3 |     113 |      51 |  31.1
            +---------+---------+-------+---------+---------+-------
        D:1 |      57 |       0 |   0.0 |      30 |       0 |   0.0
        D:2 |       8 |      28 |  77.8 |       5 |       8 |  61.5
        D:3 |      64 |       0 |   0.0 |      15 |       0 |   0.0
        D:4 |     204 |     544 |  72.7 |      23 |      18 |  43.9
        D:5 |     571 |     164 |  22.3 |      13 |       1 |   7.1
        D:6 |     434 |      20 |   4.4 |      13 |       4 |  23.5
        D:7 |     719 |       0 |   0.0 |      14 |       0 |   0.0
      Sewer |       0 |     183 | 100.0 |       0 |      20 | 100.0
            +---------+---------+-------+---------+---------+-------
